 Dungeon Crawl Stone Soup version 0.26-a0-651-gb41185065b (webtiles) character file.

Game seed: 11507821228692759169

129 Flugslaktarn the Shield-Bearer (level 4, -1/44 HPs)
             Began as a Deep Dwarf Fighter on Oct 12, 2020.
             Slain by an ogre
             ... wielding a cursed +0 giant spiked club
              (23 damage)
             ... on level 4 of the Dungeon.
             The game lasted 00:00:34 (966 turns).

Flugslaktarn the Shield-Bearer (Deep Dwarf Fighter)  Turns: 966, Time: 00:00:34

Health: -1/44      AC:  7    Str: 20    XL:     4   Next: 88%
Magic:  3/3        EV:  7    Int:  8    God:
Gold:   98         SH:  9    Dex: 13    Spells: 3/3 levels left

rFire    . . .     SeeInvis .   a - +0 war axe
rCold    . . .     Faith    .   c - +0 kite shield
rNeg     . . .     Spirit   .   b - +0 scale mail
rPois    .         Reflect  .   (no helmet)
rElec    .         Harm     .   (no cloak)
rCorr    .         Rampage  .   (no gloves)
MR       .....                  (no boots)
Stlth    ..........             (no amulet)
HPRegen  0.00/turn              f - ring of flight
MPRegen  0.08/turn              (no ring)

@: non-regenerating
A: damage resistance, heal wounds, sense surroundings 1, no regeneration
a: Heal Wounds, Evoke Flight


You were on level 4 of the Dungeon.
You visited 2 branches of the dungeon, and saw 5 of its levels.

You collected 98 gold pieces.

Inventory:

Hand Weapons
 a - a +0 war axe (weapon)
Armour
 b - a +0 scale mail (worn)
 c - a +0 kite shield (worn)
Jewellery
 f - a ring of flight (left hand)
   (You found it on level 1 of the Dungeon)
Scrolls
 e - a scroll of enchant weapon {unknown}
 g - 2 scrolls of identify {unknown}
 h - a scroll of amnesia {unknown}
 j - a scroll of teleportation {unknown}
Potions
 d - 2 potions of might
 i - a potion of curing {unknown}


   Skills:
 * Level 3.7 Fighting
 * Level 3.6 Axes
 + Level 3.9 Armour
 + Level 3.9 Shields


You had 3 spell levels left.
You didn't know any spells.
Your spell library was empty.

Dungeon Overview and Level Annotations

Branches:
Dungeon (4/15)             Temple (1/1) D:4

Altars:
Ashenzari
Dithmenos
Elyvilon
Gozag
Hepliaklqana
Kikubaaqudgha
Ru
Trog
Uskayaw
Vehumet
Wu Jian
Xom
Yredelemnul
Zin
The Shining One


Innate Abilities, Weirdness & Mutations

You are resistant to damage.
You can heal yourself by infusing magical energy.
You passively map a small area around you.
You do not regenerate.


Message History

The lemure hits you but does no damage. The lemure hits you.
Your shield prevents you from hitting the lemure.
The lemure is almost dead.
You hit the lemure.
You kill the lemure!
That felt strangely unrewarding.
You barely miss the lemure. The lemure hits you! The lemure barely misses you.
You block the lemure's attack.
You closely miss the lemure.
The lemure is almost dead.
You hit the ogre. You hit the lemure. You block the lemure's attack.
The ogre hits you with a cursed +0 giant spiked club.
The lemure barely misses you. The lemure hits you!
You closely miss the lemure.
The lemure is almost dead.
Your shield prevents you from hitting the lemure.
You hit the ogre.
The ogre hits you with a cursed +0 giant spiked club!!
Ouch! That really hurt!
You die...

, ####+#####..........
#........#..........
,*#........#..........
,
,#........#..........
, #.......##....##....
*,
#.......##....######
#........#.....#
#....[...'.....# , , ,
#.5@5....#.....# , ,
###O###.##....## ### *
##...########## #.. ,,
,,#.....# #.. , ,
#.....# #.⌠ ,,,
#.....# #.. ,
,,###..### # #.. ,
*#..####..<#...# ### ,
,...............


You could see an ogre and 2 lemures.

Vanquished Creatures
  2 lemures (D:4)
  A scorpion (D:3)
  Terence (D:2)
  2 adders (D:2)
  An adder skeleton (D:4)
  2 worms
  2 leopard geckos (D:4)
  5 orcs (D:4)
  2 bats
  2 goblins
  2 hobgoblins
  2 quokkas
  4 frilled lizards
  2 rats (D:1)
30 creatures vanquished.

Notes
Turn   | Place    | Note
-------+----------+-------------------------------------------
     0 | D:1      | Flugslaktarn the Deep Dwarf Fighter began the quest for the
                  | Orb.
     0 | D:1      | Reached XP level 1. HP: 20/20 MP: 1/1
   260 | D:2      | Found a glowing golden altar of the Shining One.
   264 | D:2      | Reached XP level 2. HP: 25/28 MP: 2/2
   266 | D:2      | Noticed Terence
   292 | D:2      | Killed Terence
   292 | D:2      | Reached XP level 3. HP: 34/34 MP: 3/3
   488 | D:3      | Noticed a scorpion
   502 | D:3      | Killed a scorpion
   502 | D:3      | Reached XP level 4. HP: 26/43 MP: 4/4
   604 | D:4      | Found a staircase to the Ecumenical Temple.
   663 | Temple   | Entered the Ecumenical Temple
   927 | D:4      | Noticed a lemure
   930 | D:4      | Noticed a lemure
   932 | D:4      | Noticed a lemure
   936 | D:4      | Noticed a lemure
   936 | D:4      | Noticed an ogre
   955 | D:4      | Killed a lemure
   964 | D:4      | Killed a lemure
   966 | D:4      | Slain by an ogre

Illustrated notes

Levels and vault maps discovered:
D:1:      lemuel_arrival_room, layout_loops_ring
D:2:      layout_basic, nicolae_overflow_crystal_walls, uniq_terence
D:3:      layout_basic, chequers_ecumenical_altar_island, st_stairs_11,
          hangedman_decor_points
D:4:      layout_gridville, temple_fountains, elyvilon_altar_5, uniq_pikel
Temple:   eino_temple_water

Skill      XL: |  1  2 |
---------------+-------+-----
Fighting       | 3 |  3.7
Axes           | 3 |  3.6
Armour         | |  3.9
Shields        | |  3.9

Action                   |  1- 3 |  4- 6 || total
-------------------------+-------+-------++-------
Melee: War axe           |    89 |    63 ||   152
 Abil: Heal Wounds       |     1 |     3 ||     4
Armor: Scale mail        |    54 |    41 ||    95
Dodge: Dodged            |    31 |    38 ||    69
Block: Kite shield       |    62 |    60 ||   122

Table legend: (Time is in decaauts)
 A = Elapsed time spent in this place.
 B = Non-inter-level travel time spent in this place.
 C = Inter-level travel time spent in this place.
 D = Time resting spent in this place.
 E = Time spent auto-exploring this place.
 F = Levels seen in this place.
 G = Mean time per level.
                   A        B        C        D        E       F      G
               +--------+--------+--------+--------+--------+-----+--------+
         Total |   1028 |    928 |    100 |      0 |    634 |   5 |  205.6 |
       Dungeon |    803 |    718 |     85 |      0 |    425 |   4 |  200.8 |
        Temple |    224 |    210 |     14 |      0 |    209 |   1 |  224.0 |
               +--------+--------+--------+--------+--------+-----+--------+

Top non-repeatable levels by time:
     D:1: 271 daAuts
     D:4: 253 daAuts
  Temple: 224 daAuts
     D:2: 158 daAuts
     D:3: 119 daAuts
